 Dungeon Crawl Stone Soup version 0.15-a0-2388-g9f833ab (webtiles) character file.

3776 PolkaDot the Bewitcher (level 9, -3/57 HPs)
             Began as a Vampire Enchanter on Aug 2, 2014.
             Was an Initiate of Gozag.
             Slain by a big kobold
             ... wielding a +4 whip of electrocution
              (7 damage)
             ... on Level 8 of the Dungeon.
             The game lasted 00:25:44 (7878 turns).

PolkaDot the Bewitcher (Vampire Enchanter)          Turns: 7878, Time: 00:25:44

HP  -3/57        AC  2     Str  5      XL: 9   Next: 95%
MP   3/18        EV 13     Int 20      God: Gozag
Gold 507         SH  0     Dex 16      Spells:  5 memorised,  2 levels left

rFire  . . .     SeeInvis +     a - +1 dagger
rCold  + + .     Clarity  .     l - +0 robe
rNeg   + + +     rCorr    .     (no shield)
rPois  +         rRot     +     (no helmet)
rElec  .         Spirit   .     (no cloak)
SustAb .         Warding  .     (no gloves)
rMut   .         Stasis   .     (no boots)
Gourm  .                        (no amulet)
MR     .....                    (no ring)
                                j - +5 ring of slaying

@: about to teleport, bloodless, non-regenerating, not resistant to hostile
enchantments, extremely stealthy
A: bottle blood, fangs 3, see invisible, agile 1, weak 1, unbreathing
a: Bat Form, Bottle Blood, Potion Petition, Call Merchant, Bribe Branch,
Renounce Religion


You were on level 8 of the Dungeon.
You worshipped Gozag.
Gozag was noncommittal.
You were bloodless.

You visited 2 branches of the dungeon, and saw 9 of its levels.

You collected 629 gold pieces.
You spent 17 gold pieces at shops.
You paid 105 gold pieces to Gozag.

Inventory:

Hand weapons
 a - a +1 dagger (weapon)
Armour
 b - a +1 robe
 k - a +0 cloak
 l - a +0 robe (worn)
Magical devices
 d - a wand of teleportation (8)
 i - a wand of polymorph (9)
 n - a wand of paralysis (8) {unknown}
Scrolls
 g - 2 scrolls of fog
 h - a scroll of recharging
 o - a scroll of silence
 r - 2 scrolls of remove curse
 u - a scroll of magic mapping {unknown}
Jewellery
 j - a +5 ring of slaying (left hand)
 s - an uncursed ring of flight {unknown}
Potions
 f - 2 potions of cancellation
 m - a potion of cure mutation {!q}
Books
 c - a book of Maledictions

   Spells                             Type                      Level
   *Corona                            Hexes                        1
   *Sure Blade                        Hexes/Charms                 2
   *Ensorcelled Hibernation           Hexes/Ice                    2
   *Confuse                           Hexes                        3
   Dazzling Spray                     Conjuration/Hexes            3
   *Enslavement                       Hexes                        4
 e - a book of Cantrips {@w1}

   Spells                             Type                      Level
   *Corona                            Hexes                        1
   Animate Skeleton                   Necromancy                   1
   Summon Small Mammal                Summoning                    1
   Apportation                        Translocation                1


   Skills:
 + Level 4.7 Short Blades
 - Level 2.1 Dodging
 + Level 12.3 Stealth
 - Level 3.1 Spellcasting
 * Level 15.1 Hexes
 - Level 1.0 Ice Magic


You had 2 spell levels left.
You knew the following spells:

 Your Spells              Type           Power        Failure   Level  Hunger
a - Corona                Hex            ######.      1%          1    None
b - Sure Blade            Hex/Chrm       ####......   1%          2    ##.....
c - Confuse               Hex            ######..     1%          3    ###....
d - Ensorcelled Hibernat  Hex/Ice        #####.       1%          2    ##.....
e - Enslavement           Hex            ######..     1%          4    ####...


Dungeon Overview and Level Annotations

Branches:
Dungeon (8/15)             Temple (1/1) D:4
   Lair: D:8-11

Altars:
Cheibriados
Elyvilon
Fedhas
Gozag
Makhleb
Nemelex Xobeh
Okawaru
Qazlal
Sif Muna
Trog
Vehumet
Xom
Yredelemnul
Zin
The Shining One

Shops:
D:4 [


Innate Abilities, Weirdness & Mutations

You do not heal naturally.
You can bottle blood from corpses.
You have razor-sharp teeth.
You have supernaturally acute eyesight.
You can survive without breathing.
You are agile. (Dex +2)
You are weak. (Str -2)


Message History

The wolf bites you.
* * * LOW HITPOINT WARNING * * *
Read which item? (? for menu, Esc to quit)
Okay, then.
Read which item? (? for menu, Esc to quit)
Okay, then.
Drink which item? (? for menu, Esc to quit)
Okay, then.
Read which item? (? for menu, Esc to quit)
As you read the scroll of teleportation, it crumbles to dust.
You feel strangely unstable. The big kobold barely misses you.
The wolf bites you but does no damage. The wolf bites you.
* * * LOW HITPOINT WARNING * * *
A kobold comes into view.
The wolf closely misses you.
The sky beast flickers out of sight for a moment.
The big kobold hits you with a whip of electrocution!
You die...
Your body crumbles into a pile of gold.

##### ######...#
#........#
#)..@....##
#...Kh....#
#....).Y..#
#####.....#
#.....# #K....#
S.##.....###h####
............>....
#.##.....#.###..#


You could see a sky beast (confused), a big kobold, a wolf and a kobold.

Vanquished Creatures
  Grinder (D:3)
  Prince Ribbit (D:5)
  A spriggan (D:7)
  A wyvern (D:3)
  The ghost of Crauler the Cutter, an average VSCK of Xom (D:6)
  A water moccasin (D:5)
  2 sky beasts (D:7)
  A black bear (D:6)
  An orc warrior (D:6)
  4 centaurs
  An ogre (D:4)
  A crocodile (D:6)
  An ice beast (D:6)
  Sigmund (D:3)
  3 giant frogs
  A water moccasin zombie (D:7)
  3 scorpions
  10 killer bees
  A yak skeleton (D:7)
  5 crimson imps
  4 orc priests
  A black bear skeleton (D:5)
  A hound (D:5)
  A jelly (D:5)
  3 orc wizards
  An iguana (D:5)
  7 worker ants
  Terence (D:2)
  6 adders
  4 gnolls (D:3)
  2 green rats (D:4)
  2 shadow imps
  3 giant mites
  An inept feature mimic (D:4)
  2 worms
  2 giant geckos (D:5)
  13 orcs
  10 bats
  5 giant cockroaches
  9 goblins
  14 hobgoblins
  7 jackals
  16 kobolds
  4 quokkas
  2 ball pythons
  4 giant newts
  2 kobold skeletons
  A kobold zombie (D:6)
  A quokka zombie (D:5)
  16 rats
186 creatures vanquished.

Vanquished Creatures (collateral kills)
  A hobgoblin skeleton (D:5)
  A rat (D:4)
2 creatures vanquished.

Vanquished Creatures (others)
  A killer bee (D:7)
1 creature vanquished.

Grand Total: 189 creatures vanquished

Notes
Turn   | Place    | Note
--------------------------------------------------------------
     0 | D:1      | PolkaDot, the Vampire Enchanter, began the quest for the Orb.
     0 | D:1      | Reached XP level 1. HP: 13/13 MP: 3/3
   411 | D:1      | Reached XP level 2. HP: 19/19 MP: 2/4
   427 | D:1      | Learned a level 2 spell: Ensorcelled Hibernation
  1095 | D:1      | Reached skill level 1 in Ice Magic
  1387 | D:2      | Reached XP level 3. HP: 7/24 MP: 1/6
  1504 | D:2      | Noticed Terence
  1807 | D:2      | Learned a level 3 spell: Confuse
  1817 | D:2      | Killed Terence
  1817 | D:2      | Reached skill level 5 in Hexes
  2102 | D:2      | Reached skill level 5 in Stealth
  2122 | D:2      | Reached XP level 4. HP: 30/30 MP: 7/7
  2553 | D:3      | Noticed a wyvern
  2558 | D:3      | Killed a wyvern
  2558 | D:3      | Reached skill level 6 in Stealth
  2558 | D:3      | Reached skill level 7 in Hexes
  2558 | D:3      | Reached XP level 5. HP: 35/35 MP: 1/9
  2662 | D:3      | Noticed Sigmund
  2996 | D:3      | Killed Sigmund
  2996 | D:3      | Reached XP level 6. HP: 41/41 MP: 5/10
  3058 | D:3      | Reached skill level 8 in Hexes
  3392 | D:3      | Gained mutation: You are agile. (Dex +2) [potion of mutation]
  3392 | D:3      | Gained mutation: You are weak. (Str -2) [potion of mutation]
  3535 | D:3      | Noticed Grinder
  3553 | D:3      | Killed Grinder
  3553 | D:3      | Reached skill level 9 in Hexes
  3553 | D:3      | Reached XP level 7. HP: 46/46 MP: 9/14
  3559 | D:3      | Learned a level 4 spell: Enslavement
  3562 | D:3      | Learned a level 2 spell: Sure Blade
  3866 | D:4      | Found a sparkling altar of Nemelex Xobeh.
  4104 | D:4      | Found a staircase to the Ecumenical Temple.
  4114 | D:4      | Reached skill level 10 in Hexes
  4120 | Temple   | Entered the Ecumenical Temple
  4201 | D:4      | Found a glowing drain.
  4252 | D:4      | the glowing drain was a mimic.
  4347 | D:4      | Found Pniniec's Antique Armour Shoppe.
  4369 | D:4      | Bought a glowing robe for 17 gold pieces
  4563 | D:5      | Entered Level 5 of the Dungeon
  4617 | D:5      | Reached XP level 8. HP: 48/52 MP: 6/16
  4825 | D:5      | Noticed Prince Ribbit
  4834 | D:5      | Killed Prince Ribbit
  4834 | D:5      | Reached skill level 11 in Hexes
  4837 | D:5      | Found an opulent altar of Gozag.
  4854 | D:5      | Became a worshipper of Gozag Ym Sagoz the Greedy
  5154 | D:5      | Reached skill level 12 in Hexes
  5207 | D:5      | Reached skill level 10 in Stealth
  5246 | D:5      | Found a bloodstained altar of Trog.
  5417 | D:5      | Found a sparkling altar of Nemelex Xobeh.
  5524 | D:6      | Found a bloodstained altar of Trog.
  5752 | D:6      | Reached skill level 13 in Hexes
  5759 | D:6      | Reached XP level 9. HP: 36/57 MP: 12/18
  5975 | D:6      | Noticed Crauler's ghost (average VSCK)
  6133 | D:6      | Killed Crauler's ghost
  6504 | D:7      | Reached skill level 14 in Hexes
  7821 | D:8      | Reached skill level 15 in Hexes
  7878 | D:8      | Slain by a big kobold

Action                   |  1- 3 |  4- 6 |  7- 9 || total
-------------------------+-------+-------+-------++-------
Melee: Dagger            |    81 |    82 |   243 ||   406
 Cast: Corona            |     5 |       |       ||     5
       Ensorcelled Hiber |    18 |    26 |    87 ||   131
       Confuse           |     1 |     2 |    13 ||    16
       Enslavement       |       |       |     5 ||     5
Evoke: Wand              |       |       |     1 ||     1
  Use: Potion            |       |     3 |    10 ||    13
       Scroll            |       |     2 |    14 ||    16
 Stab: Sleeping          |    19 |    24 |    88 ||   131
       Confused          |     2 |     4 |    10 ||    16
       Distracted        |     1 |       |       ||     1
